 Dungeon Crawl Stone Soup version 0.22.1-1-ga44c0e56f4 (webtiles) character file.

172396 Peloso the Peltast (level 17, 0/144 HPs)
             Began as a Minotaur Fighter on Nov 4, 2018.
             Was the Champion of Okawaru.
             Slain by a demonic crawler (4 damage)
             ... on level 4 of the Spider Nest.
             The game lasted 01:39:15 (38719 turns).

Peloso the Peltast (Minotaur Fighter)              Turns: 38719, Time: 01:39:16

Health: 0/144      AC: 19    Str: 27    XL:     17   Next: 41%
Magic:  0/17       EV: 14    Int:  5    God:    Okawaru [******]
Gold:   2760       SH: 16    Dex: 13    Spells: 16/16 levels left

rFire    . . .     SeeInvis .   a - +4 double sword (venom)
rCold    . . .     Gourm    .   c - +0 shield
rNeg     . . .     Faith    +   L - +6 ring mail of Dice, Bag, and Bottle {rElec Str+4 Slay+2}
rPois    .         Spirit   +   C - +2 hat
rElec    +         Reflect  .   v - scarf {Spirit}
rCorr    .         Harm     .   (no gloves)
MR       ++...                  I - +1 pair of boots {Stlth+}
Stlth    ++++......             k - amulet of faith
HPRegen  0.34/turn              B - ring of protection from magic
MPRegen  0.15/turn              K - ring of stealth

@: about to teleport, studying Maces & Flails
A: retaliatory headbutt, horns 2, frail 1, weak 1, no potion heal 1
a: Heroism, Finesse, Renounce Religion


You were on level 4 of the Spider Nest.
You worshipped Okawaru.
Okawaru was exalted by your worship.
You were hungry.

You visited 5 branches of the dungeon, and saw 28 of its levels.
You also visited: Labyrinth and Ice Cave.

You collected 3048 gold pieces.
You spent 288 gold pieces at shops.

Inventory:

Hand Weapons
 a - a +4 double sword of venom (weapon)
 b - the +4 demon blade of the Ancient Wishes {freeze, Str+4}
   (Okawaru gifted it to you on level 2 of the Lair of Beasts)

   It has been specially enchanted to freeze those struck by it, causing extra
   injury to most foes and up to half again as much damage against particularly
   susceptible opponents.
   It can also slow down cold-blooded creatures.
   It affects your strength (+4).
 A - a +1 long sword of slicing
 D - a +1 double sword of holy wrath
Armour
 c - a +0 shield (worn)
 e - a +1 crystal plate armour
 m - a +0 cloak
 v - a scarf of spirit shield (worn)
 C - a +2 hat (worn)
 I - a +1 pair of boots of stealth (worn)
 L - the +6 ring mail of Dice, Bag, and Bottle (worn) {rElec Str+4 Slay+2}
   (Okawaru gifted it to you on level 3 of the Spider Nest)

   It affects your strength (+4).
   It affects your accuracy and damage with ranged weapons and melee attacks
   (+2).
   It insulates you from electricity.
 O - a scarf of repulsion
 Q - the -3 pair of boots of the Aged Stars {rElec Str+2 Int+3 Dex-4}
   (Okawaru gifted it to you on level 5 of the Lair of Beasts)

   It affects your strength (+2).
   It affects your intelligence (+3).
   It affects your dexterity (-4).
   It insulates you from electricity.
Jewellery
 g - an uncursed ring of resist corrosion
 k - an amulet of faith (around neck)
 o - a +4 ring of intelligence
 y - a +2 amulet of reflection
 B - a ring of protection from magic (left hand)
 H - an uncursed amulet of regeneration
 K - a ring of stealth (right hand)
 P - an uncursed ring of protection from cold
 V - an uncursed ring of flight
Wands
 x - a wand of flame (5)
 R - a wand of digging (38)
Scrolls
 j - 5 scrolls of identify
 l - 12 scrolls of remove curse
 n - 15 scrolls of teleportation
 q - 2 scrolls of magic mapping
 s - a scroll of enchant armour
 F - 2 scrolls of noise
 G - a scroll of amnesia
 J - a scroll of fog
 M - a scroll of enchant weapon
Potions
 d - a potion of might
 h - 6 potions of agility
 i - 9 potions of curing
 p - 2 potions of resistance
 r - 4 potions of heal wounds
 u - 5 potions of flight
 w - a potion of magic
 z - a potion of invisibility
Books
 t - a manual of Maces & Flails
Miscellaneous
 E - a phantom mirror
Comestibles
 f - 50 rations


   Skills:
 + Level 16.7 Fighting
 + Level 18.3 Long Blades
 + Level 3.4 Maces & Flails
 + Level 16.9 Armour
 + Level 5.8 Dodging
 + Level 3.1 Stealth
 + Level 19.4 Shields
 + Level 1.0 Unarmed Combat
 + Level 2.1 Invocations
 + Level 0.9 Evocations


You had 16 spell levels left.
You didn't know any spells.
Your spell library contained the following spells:

 Spells                   Type           Power        Failure   Level  Hunger
 Animate Skeleton         Necr           N/A          56%         1    ##.....
 Apportation              Tloc           #.....       56%         1    ##.....
 Confusing Touch          Hex            #.....       56%         1    ##.....
 Infusion                 Chrm           #...         56%         1    ##.....
 Magic Dart               Conj           #...         56%         1    ##.....
 Summon Small Mammal      Summ           #...         56%         1    ##.....
 Call Imp                 Summ           #.......     71%         2    ###....
 Searing Ray              Conj           #.....       71%         2    ###....
 Shroud of Golubria       Chrm/Tloc      #.........   71%         2    ###....
 Song of Slaying          Chrm           #.......     71%         2    ###....
 Call Canine Familiar     Summ           #.......     90%         3    ####...
 Confuse                  Hex            #.......     90%         3    ####...
 Dazzling Spray           Conj/Hex       #.....       90%         3    ####...
 Gell's Gravitas          Tloc           #.........   90%         3    ####...
 Regeneration             Chrm/Necr      #.........   90%         3    ####...
 Spectral Weapon          Hex/Chrm       #.......     90%         3    ####...
 Summon Guardian Golem    Hex/Summ       #.......     90%         3    ####...
 Force Lance              Conj/Tloc      #.......     100%        4    #####..
 Fulminant Prism          Conj/Hex       #.........   100%        4    #####..
 Iskenderun's Mystic Bla  Conj           #.......     100%        4    #####..
 Petrify                  Tmut/Erth      #.......     100%        4    #####..
 Summon Ice Beast         Ice/Summ       #.......     100%        4    #####..
 Summon Lightning Spire   Summ/Air       #.......     100%        4    #####..
 Metabolic Englaciation   Hex/Ice        #.........   100%        5    ######.
 Yara's Violent Unravell  Hex/Tmut       #.........   100%        5    ######.


Dungeon Overview and Level Annotations

Branches:
Dungeon (15/15)            Temple (1/1) D:4            Lair (6/6) D:8
 Shoals (0/4) Lair:4       Spider (4/4) Lair:3        Slime (0/5) Lair:5
    Orc (2/2) D:11            Elf (0/3) Orc:2        Vaults (0/5) D:14
 Depths (0/5) D:15

Altars:
Ashenzari
Cheibriados
Dithmenos
Elyvilon
Fedhas
Gozag
Hepliaklqana
Kikubaaqudgha
Makhleb
Nemelex Xobeh
Okawaru
Qazlal
Ru
Sif Muna
Trog
Uskayaw
Vehumet
Wu Jian
Xom
Yredelemnul
Zin
The Shining One
Beogh
Jiyva

Shops:
Orc:2 }?(}


Innate Abilities, Weirdness & Mutations

You reflexively headbutt those who attack you in melee.
You have a pair of horns on your head.
You are frail. (-10% HP)
You are weak. (Str -2)
Potions are less effective at restoring your health.


Message History

The redback is moderately wounded.
You block the redback's attack.
The jumping spider leaps!
Unknown command.
You slice the redback!!
You kill the redback!
Okawaru accepts your kill.
The jumping spider leaps!
Unknown command.
You slice the demonic crawler!!
The demonic crawler is moderately wounded.
The jumping spider leaps!
You block the demonic crawler's attack. The demonic crawler hits you.
* * * LOW HITPOINT WARNING * * *
The demonic crawler hits you!
* * * LOW HITPOINT WARNING * * *
As you read the scroll of teleportation, it crumbles to dust.
You feel strangely unstable. The demonic crawler hits you!
* * * LOW HITPOINT WARNING * * *
The demonic crawler closely misses you. The demonic crawler hits you.
You die...

......#
)....^#
......#
##
......#
.#
......#
.####
......#
..^.##
.....^#
≈....##
......#
##†≈.≈.≈.
......#
#@s§#
......#
#s≈≈.#
.....^#
##...#
..<...##
####
.......#
^......#
.......#
........#
........#


You could see a demonic crawler and a jumping spider.

Vanquished Creatures
  Rupert (D:13)
  Asterion (Spider:2)
  Kirke (D:13)
  A frost giant (IceCv)
  A ghost moth (Spider:4)
  An emperor scorpion (Spider:3)
  3 entropy weavers
  A minotaur (Lab)
  A spark wasp (Spider:3)
  2 ettins (Orc:1)
  The ghost of Gunterle the Spear-Bearer, a journeyman DgSk (Orc:1)
  Josephine (Lair:5)
  A catoblepas (Lair:6)
  11 hydras
  A death knight (D:12)
  2 dancing weapons (D:14)
  3 ogre magi
  A tengu warrior (D:12)
  A deep troll shaman (Lair:6)
  A queen ant (Lair:4)
  4 centaur warriors
  17 two-headed ogres
  8 death yaks
  Urug (Lair:4)
  Sonja (Lair:6)
  An unseen horror (shapeshifter) (D:15)
  4 unseen horrors
  A glowing orange brain (D:15)
  2 skeletal warriors (D:12)
  A deep troll (shapeshifter) (D:15)
  2 deep trolls (Orc:2)
  A phantasmal warrior (D:12)
  An orc knight (Orc:2)
  A lindwurm (Lair:6)
  Pikel (D:9)
  2 deep elf magi
  18 wolf spiders
  14 orb spiders
  A salamander (shapeshifter) (D:15)
  3 oklob plants (Lair:2)
  2 manticores
  14 ugly things
  5 cyclopes
  An orc sorcerer (Orc:1)
  10 elephants
  A black mamba (Lair:3)
  A moth of wrath (Spider:3)
  An ice statue (IceCv)
  2 merfolk sirens (Lair:4)
  A gargoyle (D:12)
  13 spiny frogs
  A spiny frog (shapeshifter) (D:13)
  12 rime drakes
  A kobold demonologist (D:12)
  11 komodo dragons
  8 demonic crawlers
  A yaktaur (D:11)
  A tengu conjurer (D:12)
  13 trolls
  3 meliai (D:13)
  2 merfolk (Lair:4)
  21 polar bears
  26 jumping spiders
  A queen bee (D:11)
  Grinder (D:5)
  13 slime creatures
  4 hornets
  26 blink frogs
  11 dream sheep
  14 hippogriffs
  45 redbacks
  A water elemental (D:11)
  10 wyverns
  A shadow (D:14)
  13 tarantellas
  3 wraiths (Lair:6)
  A vampire (D:12)
  2 hogs (D:13)
  64 yaks
  Grum (D:9)
  A golden eye (shapeshifter) (D:15)
  9 basilisks
  A steam dragon (D:10)
  5 hungry ghosts
  Menkaure (D:7)
  4 neqoxecs (Orc:1)
  2 hell hounds (Lair:5)
  2 acid dragons
  8 soldier ants
  Duvessa (D:7)
  14 porcupines
  29 orc warriors
  11 water moccasins
  A hornet zombie (D:13)
  2 necrophages
  12 ice beasts
  4 slaves (D:9)
  2 black bears
  2 phantoms
  3 sky beasts
  27 ogres
  11 centaurs
  39 wolves
  6 crocodiles
  5 big kobolds
  15 bullfrogs
  3 wyvern zombies
  Dowan (D:7)
  7 scorpions
  28 killer bees
  13 wights
  4 electric eels
  A howler monkey (D:5)
  9 crimson imps
  2 bullfrog zombies (D:12)
  2 centaur zombies
  3 quasits (Orc:1)
  7 hounds
  4 jellies
  Crazy Yiuf (D:6)
  18 orc priests
  A wyvern simulacrum (D:14)
  28 orc wizards
  2 bullfrog skeletons
  5 centaur skeletons
  23 worker ants
  Natasha (twice) (D:1)
  An iguana (D:11)
  A hound skeleton (D:5)
  4 gnolls (D:7)
  14 adders
  8 shadow imps
  2 oozes
  An adder zombie (D:8)
  An adder skeleton (D:10)
  5 worms
  3 dart slugs
  4 leopard geckos
  99 orcs
  5 giant cockroaches
  7 hobgoblins
  28 jackals
  6 quokkas
  8 bats
  4 frilled lizards
  5 goblins
  A jackal skeleton (D:4)
  A jackal zombie (D:6)
  25 kobolds
  A quokka zombie (D:6)
  6 rats
  A fungus (Lair:5)
1104 creatures vanquished.

Vanquished Creatures (others)
  2 jumping spiders (Spider:2)
  A tarantella (Spider:3)
  A yak (IceCv)
  A crocodile (Lair:4)
  8 fungi
  8 plants
21 creatures vanquished.

Grand Total: 1125 creatures vanquished

Notes
Turn   | Place    | Note
-------+----------+-------------------------------------------
     0 | D:1      | Peloso the Minotaur Fighter began the quest for the Orb.
     0 | D:1      | Reached XP level 1. HP: 19/19 MP: 0/0
   255 | D:1      | Reached XP level 2. HP: 10/27 MP: 1/1
   758 | D:2      | Reached skill level 4 in Shields
   758 | D:2      | Reached XP level 3. HP: 33/33 MP: 2/2
   792 | D:2      | Noticed Natasha
  1206 | D:1      | Killed Natasha
  1206 | D:1      | Reached XP level 4. HP: 11/40 MP: 3/3
  1466 | D:1      | Noticed Natasha
  1476 | D:1      | Killed Natasha
  2042 | D:2      | Reached XP level 5. HP: 46/46 MP: 4/4
  2079 | D:2      | Reached skill level 5 in Armour
  2369 | D:3      | Reached skill level 5 in Shields
  2679 | D:4      | Noticed an ogre
  2686 | D:4      | Killed an ogre
  2686 | D:4      | Reached skill level 5 in Long Blades
  2686 | D:4      | Reached skill level 1 in Dodging
  2686 | D:4      | Reached XP level 6. HP: 53/53 MP: 5/5
  2997 | D:4      | Found a staircase to the Ecumenical Temple.
  3007 | Temple   | Entered the Ecumenical Temple
  3126 | Temple   | Became a worshipper of Warmaster Okawaru
  3301 | D:5      | Entered Level 5 of the Dungeon
  3595 | D:5      | Reached XP level 7. HP: 60/60 MP: 6/6
  3699 | D:5      | Noticed Grinder
  3751 | D:5      | Paralysed by Grinder for 3 turns
  3758 | D:5      | Killed Grinder
  3758 | D:5      | Reached * piety under Okawaru
  3758 | D:5      | Reached skill level 5 in Fighting
  3758 | D:5      | Reached skill level 6 in Shields
  3758 | D:5      | Reached XP level 8. HP: 20/68 MP: 7/7
  4644 | D:6      | Noticed a hippogriff
  4652 | D:6      | Killed a hippogriff
  4739 | D:6      | Reached ** piety under Okawaru
  5170 | D:6      | Found a runed door.
  5312 | D:6      | Noticed Crazy Yiuf
  5318 | D:6      | Killed Crazy Yiuf
  5397 | D:7      | Reached skill level 7 in Shields
  5422 | D:7      | Found a glowing silver altar of Zin.
  5469 | D:7      | Reached XP level 9. HP: 71/75 MP: 8/8
  5533 | D:7      | Noticed Menkaure
  5543 | D:7      | Killed Menkaure
  5694 | D:7      | Noticed Duvessa
  5696 | D:7      | Noticed Dowan
  5708 | D:7      | Killed Duvessa
  5720 | D:7      | Killed Dowan
  6182 | D:8      | Reached *** piety under Okawaru
  6530 | D:8      | Killed an unseen horror
  6530 | D:8      | Reached skill level 10 in Long Blades
  6530 | D:8      | Reached skill level 8 in Shields
  6530 | D:8      | Reached skill level 1 in Invocations
  6951 | D:8      | Found a staircase to the Lair.
  7018 | D:8      | Reached **** piety under Okawaru
  7111 | D:8      | You fall through a shaft for 3 floors!
  7125 | D:11     | Reached XP level 10. HP: 27/86 MP: 6/9
  7925 | D:10     | Entered Level 10 of the Dungeon
  8107 | D:11     | Reached skill level 9 in Shields
  8113 | D:11     | Reached ***** piety under Okawaru
  8521 | D:9      | Noticed a centaur warrior
  8539 | D:9      | Killed a centaur warrior
  8539 | D:9      | Reached skill level 10 in Armour
  8793 | D:9      | Noticed Pikel
  8802 | D:9      | Killed Pikel
  8802 | D:9      | Received a gift from Okawaru
  8802 | D:9      | Reached XP level 11. HP: 87/95 MP: 11/11
  9039 | D:9      | Noticed Grum
  9062 | D:9      | Killed Grum
  9277 | D:9      | Noticed a death yak
  9302 | D:9      | Reached skill level 10 in Shields
  9427 | D:9      | Killed a death yak
  9808 | D:8      | Found a blossoming altar of Fedhas.
 10125 | D:8      | Found a hide-covered altar of Uskayaw.
 10188 | D:10     | Noticed a wolf spider
 10200 | D:10     | Killed a wolf spider
 10570 | D:10     | Noticed a deep elf mage
 10584 | D:10     | Killed a deep elf mage
 11602 | D:11     | Reached skill level 11 in Shields
 11614 | D:11     | Reached ****** piety under Okawaru
 12284 | D:11     | Noticed a five-headed hydra
 12300 | D:11     | Killed a five-headed hydra
 12300 | D:11     | Reached skill level 5 in Dodging
 12300 | D:11     | Reached XP level 12. HP: 23/105 MP: 10/12
 12348 | D:11     | Received a gift from Okawaru
 12810 | D:11     | Noticed a two-headed ogre
 12842 | D:11     | Killed a two-headed ogre
 13190 | D:11     | Found a staircase to the Orcish Mines.
 13245 | D:12     | Found a frozen archway.
 13268 | D:12     | Reached skill level 1 in Maces & Flails
 13310 | IceCv    | Entered an ice cave
 13421 | IceCv    | Reached skill level 12 in Shields
 13434 | IceCv    | Received a gift from Okawaru
 14045 | IceCv    | Reached skill level 10 in Fighting
 14078 | IceCv    | Reached skill level 1 in Stealth
 14344 | IceCv    | Noticed a death yak
 14361 | IceCv    | Killed a death yak
 14361 | IceCv    | Reached skill level 13 in Shields
 14845 | IceCv    | Noticed a frost giant
 14877 | IceCv    | Killed a frost giant
 14905 | IceCv    | Reached XP level 13. HP: 34/114 MP: 13/13
 15781 | D:12     | Received a gift from Okawaru
 16650 | D:12     | Received a gift from Okawaru
 17241 | D:12     | Reached skill level 14 in Shields
 17400 | Lair:1   | Entered Level 1 of the Lair of Beasts
 17549 | Lair:1   | Received a gift from Okawaru
 17549 | Lair:1   | Reached skill level 15 in Long Blades
 18646 | Lair:2   | Received a gift from Okawaru
 18692 | Lair:2   | Got an ivory demon blade {god gift}
 18700 | Lair:2   | Identified the +4 demon blade of the Ancient Wishes
                  | {freeze, Str+4} (Okawaru gifted it to you on level 2 of the
                  | Lair of Beasts)
 18985 | Lair:2   | Reached XP level 14. HP: 69/126 MP: 12/14
 19525 | Lair:3   | Found a hole to the Spider Nest.
 19703 | Lair:3   | Received a gift from Okawaru
 20572 | Lair:4   | Found a labyrinth entrance.
 20613 | Lair:4   | Noticed Urug
 20615 | Lab      | Entered a labyrinth
 21596 | Lab      | Got a scorched ring mail
 21602 | Lab      | Identified the +5 ring mail "Boynlank" {*Corrode rPois rF+
                  | Slay+2 SInv} (You found it in a labyrinth)
 21814 | Lair:4   | Reached skill level 15 in Shields
 21901 | Lair:4   | Killed Urug
 21901 | Lair:4   | Received a gift from Okawaru
 22095 | Lair:4   | Found a staircase to the Shoals.
 22192 | Lair:4   | Noticed an entropy weaver
 22192 | Lair:4   | Noticed an entropy weaver
 22227 | Lair:4   | Killed an entropy weaver
 22261 | Lair:4   | Killed an entropy weaver
 23100 | Lair:5   | Found a staircase to the Slime Pits.
 23100 | Lair:5   | Found a viscous altar of Jiyva.
 23417 | Lair:5   | Received a gift from Okawaru
 23484 | Lair:5   | Reached skill level 16 in Shields
 23515 | Lair:5   | Got a pair of crude boots {god gift}
 23521 | Lair:5   | Identified the -3 pair of boots of the Aged Stars {rElec
                  | Str+2 Int+3 Dex-4} (Okawaru gifted it to you on level 5 of
                  | the Lair of Beasts)
 23714 | Lair:6   | Entered Level 6 of the Lair of Beasts
 23714 | Lair:6   | Noticed Josephine
 23725 | Lair:5   | Killed Josephine
 23862 | Lair:6   | Reached XP level 15. HP: 127/136 MP: 15/15
 23875 | Lair:6   | Reached skill level 15 in Armour
 24496 | Lair:6   | Noticed Sonja
 24511 | Lair:6   | Killed Sonja
 25405 | Lair:6   | Received a gift from Okawaru
 25664 | Lair:6   | Got a pitted platinum amulet
 25679 | Lair:6   | Identified the amulet "Niddaydo" {Spirit Int+4} (You found
                  | it on level 6 of the Lair of Beasts)
 26261 | Orc:1    | Entered Level 1 of the Orcish Mines
 26708 | Orc:1    | Found a transporter.
 26721 | Orc:1    | Noticed Gunterle's ghost (journeyman DgSk)
 26764 | Orc:1    | Found a transporter.
 27067 | Orc:2    | Entered Level 2 of the Orcish Mines
 27758 | Orc:2    | Reached skill level 17 in Shields
 28134 | Orc:2    | Received a gift from Okawaru
 28246 | Orc:2    | Found Bethoaga's Antique Weapon Shop.
 28450 | Orc:2    | Found Kics's Gadget Shoppe.
 28455 | Orc:2    | Found Veaq's Gadget Boutique.
 28456 | Orc:2    | Found Tunkigal's Magic Scroll Shop.
 28469 | Orc:2    | Bought a scroll of teleportation for 48 gold pieces
 28469 | Orc:2    | Bought a scroll of enchant armour for 120 gold pieces
 28469 | Orc:2    | Bought a scroll of enchant weapon for 120 gold pieces
 28500 | Orc:2    | Found a staircase to the Elven Halls.
 28619 | Orc:2    | Found a roughly hewn altar of Beogh.
 29137 | Lair:1   | You fall through a shaft!
 29535 | Orc:1    | Killed Gunterle's ghost
 29536 | Orc:1    | Gained mutation: You are frail. (-10% HP) [a neqoxec]
 29537 | Orc:1    | Gained mutation: Potions are less effective at restoring
                  | your health. [a neqoxec]
 29539 | Orc:1    | Gained mutation: Armour fits poorly on your strangely
                  | shaped body. [a neqoxec]
 29541 | Orc:1    | Gained mutation: You are weak. (Str -2) [a neqoxec]
 29554 | Orc:1    | Lost mutation: Armour fits poorly on your strangely shaped
                  | body. [a neqoxec]
 29930 | D:13     | Reached XP level 16. HP: 75/132 MP: 13/16
 30515 | D:13     | Noticed Kirke
 30732 | D:13     | Killed Kirke
 30732 | D:13     | Received a gift from Okawaru
 30872 | D:13     | Noticed Rupert
 30884 | D:13     | Killed Rupert
 30902 | D:13     | Found a roughly hewn altar of Beogh.
 30952 | D:13     | Reached skill level 15 in Fighting
 31257 | D:14     | Reached skill level 1 in Unarmed Combat
 31276 | D:14     | Found a gate to the Vaults.
 31389 | D:14     | Found a snail-covered altar of Cheibriados.
 31431 | D:14     | Received a gift from Okawaru
 31613 | D:14     | Reached skill level 18 in Shields
 32067 | D:15     | Entered Level 15 of the Dungeon
 32416 | D:15     | HP: 3/134 [two-headed ogre/giant club (9)]
 33008 | D:15     | Found a staircase to the Depths.
 33160 | D:15     | Found a shattered altar of Ashenzari.
 33724 | Spider:1 | Entered Level 1 of the Spider Nest
 34171 | Spider:1 | Received a gift from Okawaru
 34792 | Spider:2 | Noticed Asterion
 34822 | Spider:2 | Killed Asterion
 35318 | Spider:2 | Reached XP level 17. HP: 100/142 MP: 12/17
 35819 | Spider:3 | Reached skill level 19 in Shields
 36591 | Spider:3 | Received a gift from Okawaru
 37370 | Spider:3 | Got a warped scale mail
 37403 | Spider:3 | Identified the +2 scale mail of Monnanoa {MR+} (You found
                  | it on level 3 of the Spider Nest)
 37410 | Spider:3 | Got an ancient ring mail {god gift}
 37416 | Spider:3 | Identified the +6 ring mail of Dice, Bag, and Bottle {rElec
                  | Str+4 Slay+2} (Okawaru gifted it to you on level 3 of the
                  | Spider Nest)
 38339 | Spider:4 | Entered Level 4 of the Spider Nest
 38719 | Spider:4 | HP: 4/144 [demonic crawler (10)]
 38719 | Spider:4 | Slain by a demonic crawler

Skill      XL: |  1  2  3  4  5  6  7  8  9 10 11 12 13 14 15 16 17 |
---------------+----------------------------------------------------+-----
Armour         | 4 5 6 7 9 10 11 12 13 14 15 16 | 16.9
Long Blades    | 3 5 7 8 10 12 13 14 15 16 17 18 | 18.3
Fighting       | 4 5 7 8 9 10 12 13 14 16 | 16.7
Shields        | 4 5 6 7 8 9 11 13 14 16 17 18 19 | 19.4
Dodging        | 1 2 3 4 5 |  5.8
Invocations    | 1 2 |  2.1
Maces & Flails | 1 2 3 |  3.4
Stealth        | 1 2 3 |  3.1
Unarmed Combat | 1 |  1.0
Evocations     | |  0.9

Action                   |  1- 3 |  4- 6 |  7- 9 | 10-12 | 13-15 | 16-18 || total
-------------------------+-------+-------+-------+-------+-------+-------++-------
Melee: Long sword        |    63 |   183 |   325 |   172 |    84 |       ||   827
       Headbutt          |    11 |    37 |    84 |   232 |   409 |   213 ||   986
       Scimitar          |       |       |       |   760 |    37 |       ||   797
       Whip              |       |       |       |    12 |    79 |       ||    91
       Double sword      |       |       |       |       |   916 |   903 ||  1819
       Demon blade       |       |       |       |       |   410 |       ||   410
       Unarmed           |       |       |       |       |       |     5 ||     5
Invok: Heroism           |       |       |     4 |    12 |     8 |     4 ||    28
       Finesse           |       |       |       |       |       |     1 ||     1
Evoke: Wand              |       |       |       |     2 |     9 |     4 ||    15
  Use: Scroll            |       |     4 |     8 |     3 |    23 |     8 ||    46
       Potion            |       |       |       |     1 |     4 |     9 ||    14
 Stab: Petrified         |       |       |       |       |     9 |       ||     9
       Sleeping          |       |       |       |       |       |     1 ||     1
  Eat: Chunk             |       |     9 |    11 |    20 |    34 |    23 ||    97
       Ration            |       |       |       |     2 |     5 |     2 ||     9
Armor: Scale mail        |    65 |    77 |    35 |       |       |       ||   177
       Plate armour      |       |       |    86 |   383 |   209 |       ||   678
       Crystal plate arm |       |       |       |       |   638 |   587 ||  1225
       Ring mail         |       |       |       |       |       |    62 ||    62
Dodge: Dodged            |    36 |    83 |    59 |   243 |   460 |   279 ||  1160
       Deflected         |       |       |       |       |     2 |       ||     2
Block: Shield            |    70 |   120 |   156 |   570 |  1237 |   775 ||  2928
       Rpst.: Long sword |    11 |    22 |    14 |    11 |     3 |       ||    61
       Scimitar          |       |       |       |    45 |     1 |       ||    46
       Double sword      |       |       |       |       |    51 |    53 ||   104
       Demon blade       |       |       |       |       |    26 |       ||    26
